 Dungeon Crawl Stone Soup version 0.27-a0-1140-g099f9bb0e8 (webtiles) character file.

Game seed: 4163959843874284083

56 reriks the Skirmisher (level 3, 0/40 HPs)
             Began as an Ogre Fighter on May 8, 2021.
             Slain by a goblin
             ... wielding a +0 falchion
              (3 damage)
             ... on level 3 of the Dungeon.
             The game lasted 00:01:31 (2750 turns).

reriks the Skirmisher (Ogre Fighter)                Turns: 2750, Time: 00:01:32

Health: 0/40       AC:  4    Str: 21    XL:     3   Next: 97%
Magic:  3/3        EV:  8    Int:  9    God:
Gold:   108        SH:  8    Dex:  8    Spells: 2/2 levels left

rFire    . . .     SeeInvis .   a - +0 war axe
rCold    . . .     Faith    .   c - +0 kite shield
rNeg     . . .     Spirit   .   b - +0 robe
rPois    .         Reflect  .   (helmet restricted)
rElec    .         Harm     .   n - +0 cloak
rCorr    .         Rampage  .   (gloves unavailable)
Will     .....                  (boots unavailable)
Stlth    +.........             (no amulet)
HPRegen  0.13/turn              (no ring)
MPRegen  0.08/turn              (no ring)

@: lethally poisoned (0 -> -3)
A: large, unfitting armour, tough skin 1
a: no special abilities


You were on level 3 of the Dungeon.
You visited 1 branch of the dungeon, and saw 3 of its levels.

You collected 108 gold pieces.

Inventory:

Hand Weapons
 a - a +0 war axe (weapon)
Missiles
 k - 7 boomerangs (quivered)
Armour
 b - a +0 robe (worn)
 c - a +0 kite shield (worn)
 n - a +0 cloak (worn)
Scrolls
 f - a scroll of fog {unknown}
 h - a scroll of blinking {unknown}
 i - 2 scrolls of teleportation {unknown}
 j - a scroll of vulnerability {unknown}
 m - a scroll of identify {unknown}
Potions
 d - a potion of might
 e - a potion of haste {unknown}
 g - a potion of curing {unknown}
 l - a potion of lignification {unknown}
 o - a potion of invisibility {unknown}


   Skills:
 + Level 4.5 Fighting
 + Level 2.5 Axes
 + Level 1.0 Armour
 + Level 3.1 Dodging
 + Level 3.1 Shields


You had 2 spell levels left.
You didn't know any spells.
Your spell library contained the following spells:

 Spells                   Type           Power      Damage    Failure   Level
 Sandblast                Erth           0%         2d4       82%         1
 Passwall                 Tmut/Erth      0%         N/A       91%         2
 Stone Arrow              Conj/Erth      0%         3d7       99%         3
 Petrify                  Tmut/Erth      0%         N/A       100%        4
 Lee's Rapid Deconstruct  Erth           0%         3d5*      100%        5


Dungeon Overview and Level Annotations

Branches:
Dungeon (3/15)

Altars:
Ru

Shops:
D:1 :


Innate Abilities, Weirdness & Mutations

You are too large for most types of armour.
You have tough skin. (AC +1)


Message History

A goblin is nearby!
A goblin is nearby!
A goblin comes into view. It is wielding a +0 club.
The goblin shouts!
The goblin throws a poisoned dart.
The poisoned dart hits you!
You are poisoned.
You feel sick.
The goblin throws a poisoned dart.
The poisoned dart hits you!
You are more poisoned.
Found a dagger.
Found a stone staircase leading up.
You barely miss the goblin.
You feel very sick. You block the goblin's attack. x2
You slash the goblin!
You kill the goblin!
You feel very sick.
The goblin drinks a potion.
The goblin goes berserk!
You feel sick. The goblin hits you with a +0 falchion!
You are too injured to fight recklessly!
You are too injured to fight recklessly!
You are too injured to fight recklessly!
You are too injured to fight recklessly!
You are too injured to fight recklessly!
You are too injured to fight recklessly!
You are too injured to fight recklessly!
You are too injured to fight recklessly!
You are too injured to fight recklessly!
You are too injured to fight recklessly!
You are too injured to fight recklessly!
You are too injured to fight recklessly!
You are too injured to fight recklessly!
You hit the goblin but do no damage.
You feel very sick. You block the goblin's attack.
The goblin barely misses you.
You closely miss the goblin.
You feel sick. The goblin hits you with a +0 falchion.
* * * LOW HITPOINT WARNING * * *
The goblin hits you with a +0 falchion!
* * * LOW HITPOINT WARNING * * *
The goblin hits you with a +0 falchion.
You die...

## # ..#####<#. ##.#... ).# #
#..... ... ...... #######..#.#
#.####.... ###
.....#...#.####.. .....# ...
.#.............)####...#####.#
...........####.@g........##.#
.#...........)..####...##.##.#
.##........####.# #...#.#.#.##
.##.##...#.# #.# #....###...##
.##.##...#.# #.#
#...###.###.## .##.####...#
#.# ##.## #.##.#.# .##.# #.###
#.# #..###.#.###. .##.# #.#
#.# #...###.## ## .##.# #.#
#.#####..#.#>## #


You could see a goblin (berserk).

Vanquished Creatures
  2 adders (D:3)
  7 endoplasms
  A giant cockroach (D:2)
  A hobgoblin (D:2)
  A jackal (D:3)
  3 kobolds
  7 quokkas
  3 ball pythons
  6 bats
  2 goblins
  4 rats
37 creatures vanquished.

Notes
Turn   | Place    | Note
-------+----------+-------------------------------------------
     0 | D:1      | reriks the Ogre Fighter began the quest for the Orb.
     0 | D:1      | Reached XP level 1. HP: 24/24 MP: 1/1
   222 | D:1      | Found Oneumutt's Book Emporium.
   309 | D:1      | Found a faded altar of an unknown god.
   346 | D:1      | Reached XP level 2. HP: 32/32 MP: 2/2
  1306 | D:2      | Reached XP level 3. HP: 23/40 MP: 3/3
  1487 | D:2      | Found a sacrificial altar of Ru.
  2446 | D:3      | Reached skill level 1 in Armour
  2750 | D:3      | Slain by a goblin

Illustrated notes

Levels and vault maps discovered:
D:1:      eino_arrival_cavern_d, layout_rooms, serial_shops, shop,
          hellmonk_ecumenical_altar_arch_garden
D:2:      layout_loops_ring, basic_altar, kennysheep_generic_room_11
D:3:      layout_loops_ring, nicolae_uskayaw_suspiria, minmay_misc_feat_cross,
          minmay_fractal_squares_diagonal_5

Skill      XL: |  1  2  3 |
---------------+----------+-----
Dodging        | 3 |  3.1
Shields        | 3 |  3.1
Armour         | 1 |  1.0
Fighting       | |  4.5
Axes           | |  2.5

Action                   || total
-------------------------++-------
Melee: War axe           ||   131
 Stab: Sleeping          ||     1
Armor: Robe              ||    69
Dodge: Dodged            ||    73
Block: Kite shield       ||    76

Table legend: (Time is in decaauts)
 A = Elapsed time spent in this place.
 B = Non-inter-level travel time spent in this place.
 C = Inter-level travel time spent in this place.
 D = Time resting spent in this place.
 E = Time spent auto-exploring this place.
 F = Levels seen in this place.
 G = Mean time per level.
                   A        B        C        D        E       F      G
               +--------+--------+--------+--------+--------+-----+--------+
         Total |   2826 |   2734 |     92 |    952 |   1401 |   3 |  942.0 |
       Dungeon |   2826 |   2734 |     92 |    952 |   1401 |   3 |  942.0 |
               +--------+--------+--------+--------+--------+-----+--------+

Top non-repeatable levels by time:
     D:1: 1188 daAuts
     D:2: 866 daAuts
     D:3: 771 daAuts
